 Dungeon Crawl Stone Soup version 0.28-a0-519-gbfeecf2fc5 (webtiles) character file.

Game seed: 11704119589472457275

138 eggboy84 the Covered (level 5, 0/49 HPs)
             Began as a Deep Dwarf Fighter on Sept 23, 2021.
             Was a Believer of Zin.
             Slain by a hound (1 damage)
             ... on level 4 of the Dungeon.
             The game lasted 00:11:36 (2151 turns).

eggboy84 the Covered (Deep Dwarf Fighter)           Turns: 2151, Time: 00:11:36

Health: 0/49       AC:  7    Str: 21    XL:     5   Next: 1%
Magic:  5/5        EV: 10    Int:  8    God:    Zin [**....]
Gold:   110        SH:  4    Dex: 12    Spells: 4/4 levels left

rFire   . . .      SeeInvis .   a - +0 war axe
rCold   . . .      Faith    .   c - +0 buckler
rNeg    . . .      Spirit   .   b - +0 scale mail
rPois   .          Reflect  .   (no helmet)
rElec   .          Harm     .   (no cloak)
rCorr   .          Rampage  .   (no gloves)
Will    .....                   (no boots)
Stlth   ..........              (no amulet)
HPRegen 0.00/turn               (no ring)
MPRegen 0.09/turn               (no ring)

@: no status effects
A: damage resistance, heal wounds, sense surroundings 1, no regeneration
a: Heal Wounds, Renounce Religion, Recite, Vitalisation, Donate Gold


You were on level 4 of the Dungeon.
You worshipped Zin.
Zin was pleased with you.
You visited 1 branch of the dungeon, and saw 3 of its levels.

You collected 122 gold pieces.
You donated 12 gold pieces to Zin.

Inventory:

Hand Weapons
 a - a +0 war axe (weapon)
 g - a +0 club
 i - a +0 dagger
 j - a +0 spear
 l - a +0 dagger
 m - a +0 dagger
 o - a +0 club
Missiles
 s - 6 javelins
 w - 18 bolts
Armour
 b - a +0 scale mail (worn)
 c - a +0 buckler (worn)
 e - a +0 robe
 f - a +0 scale mail
 n - a +0 robe
Scrolls
 p - a scroll of enchant weapon {unknown}
 q - 2 scrolls of identify {unknown}
 r - a scroll of fear {unknown}
 t - a scroll of blinking {unknown}
 u - a scroll of amnesia {unknown}
 v - a scroll of teleportation {unknown}
Potions
 d - a potion of might
 h - a potion of lignification {unknown}
 k - a potion of mutation {unknown}


   Skills:
 + Level 3.2 Fighting
 + Level 3.6 Axes
 + Level 4.2 Armour
 + Level 1.3 Dodging
 + Level 0.4 Stealth
 + Level 3.8 Shields


You had 4 spell levels left.
You didn't know any spells.
Your spell library contained the following spells:

 Spells                   Type           Power      Damage    Failure   Level
 Animate Skeleton         Necr           0%         N/A       75%         1
 Apportation              Tloc           0%         N/A       75%         1
 Summon Small Mammal      Summ           0%         N/A       75%         1
 Tukima's Dance           Hex            0%         N/A       98%         3
 Passage of Golubria      Tloc           N/A        N/A       100%        4
 Yara's Violent Unravell  Hex/Tmut       0%         3d3       100%        5


Dungeon Overview and Level Annotations

Branches:
Dungeon (2/15)

Altars:
Zin

Shops:
D:2 [


Innate Abilities, Weirdness & Mutations

You are resistant to damage.
You can heal yourself by infusing magical energy.
You passively map a small area around you.
You do not regenerate.


Message History

The hound closely misses you. The hound barely misses you.
The hound bites you but does no damage.
Found a stone staircase leading down.
A hound skeleton comes into view.
The hound bites you but does no damage. The hound barely misses you.
The necrophage hits you but does no damage.
The hound skeleton barely misses you.
You slash the hound skeleton!
The hound skeleton is moderately damaged.
You hit the necrophage. You slash the hound! You block the hound's attack.
The hound skeleton barely misses you. The hound closely misses you.
The necrophage closely misses you.
You barely miss the hound skeleton.
The hound skeleton is moderately damaged.
You closely miss the hound. You hit the necrophage.
The hound skeleton bites you but does no damage.
You block the hound's attack.
The necrophage hits you but does no damage.
The hound skeleton bites you but does no damage.
The hound misses you.
The hound skeleton bites you but does no damage.
The hound barely misses you. The hound closely misses you.
The hound skeleton bites you but does no damage.
You block the hound's attack. The hound bites you but does no damage.
The hound barely misses you. You block the necrophage's attack.
The hound bites you but does no damage.
Found 10 gold pieces.
The hound skeleton bites you but does no damage.
The hound skeleton bites you but does no damage.
The hound barely misses you.
A hound comes into view.
The hound barks!
Found a war axe.
The hound bites you but does no damage. The hound bites you.
The hound barely misses you.
You closely miss the hound. x2; The hound bites you.
You die...

######....#.......# ,
, ,
#.......#.#...#......
,
..####........######.*
(..####.....#..# . ,
............#..#.## ,
...####.....#..#..# ,
, ,* #.....#.nZ..# *
#.....##h####)#
#.....##.@h...# ,
#.....###+#####., *
###............. * ,
#.............
#............. * *
#............. * , ,
*#.............
#............. * , ,
,, ##########..#.


You could see a necrophage and 2 hounds.

Vanquished Creatures
  A necrophage (D:4)
  4 dart slugs
  5 ball pythons
  2 bats
  3 endoplasms
  2 giant cockroaches (D:2)
  4 goblins
  3 hobgoblins (D:1)
  2 jackals (D:1)
  3 kobolds (D:1)
  2 quokkas
  3 frilled lizards (D:1)
  10 rats
44 creatures vanquished.

Notes
Turn   | Place    | Note
-------+----------+-------------------------------------------
     0 | D:1      | eggboy84 the Deep Dwarf Fighter began the quest for the
                  | Orb.
     0 | D:1      | Reached XP level 1. HP: 20/20 MP: 1/1
    51 | D:1      | Reached XP level 2. HP: 24/27 MP: 2/2
   730 | D:1      | Reached XP level 3. HP: 18/33 MP: 3/3
  1200 | D:1      | Found a faded altar of an unknown god.
  1233 | D:1      | Became a worshipper of Zin the Law-Giver
  1233 | D:1      | Reached * piety under Zin
  1627 | D:2      | Reached ** piety under Zin
  1657 | D:2      | Found Ifolouf's Armour Emporium.
  2079 | D:2      | You fall into a shaft and drop 2 floors!
  2079 | D:4      | Noticed a necrophage
  2092 | D:4      | Killed a necrophage
  2093 | D:4      | Reached skill level 4 in Armour
  2093 | D:4      | Reached skill level 1 in Dodging
  2093 | D:4      | Reached XP level 4. HP: 4/42 MP: 4/4
  2093 | D:4      | Reached XP level 5. HP: 5/49 MP: 5/5
  2108 | D:4      | Noticed a necrophage
  2108 | D:4      | HP: 2/49 [hound (3)]
  2118 | D:4      | HP: 1/49 [hound (1)]
  2151 | D:4      | Slain by a hound

Illustrated notes

Levels and vault maps discovered:
D:1:      lightli_arrival_maybe_door_vault, layout_basic,
          chequers_ecumenical_altar_simple_redux, minivault_4,
          minmay_misc_feat_columns, minmay_misc_feat_more_columns
D:2:      layout_rooms, serial_shops, shop
D:4:      layout_basic, minmay_misc_feat_five, minmay_cut_off

Skill      XL: |  1  2  3 |
---------------+----------+-----
Fighting       | 3 |  3.2
Axes           | 3 |  3.6
Armour         | 4 |  4.2
Dodging        | 1 |  1.3
Stealth        | |  0.4
Shields        | |  3.8

Action                   |  1- 3 |  4- 6 || total
-------------------------+-------+-------++-------
Melee: War axe           |   138 |     3 ||   141
Armor: Scale mail        |    84 |    16 ||   100
Dodge: Dodged            |    91 |    18 ||   109
Block: Buckler           |    39 |     4 ||    43

Table legend: (Time is in decaauts)
 A = Elapsed time spent in this place.
 B = Non-inter-level travel time spent in this place.
 C = Inter-level travel time spent in this place.
 D = Time resting spent in this place.
 E = Time spent auto-exploring this place.
 F = Levels seen in this place.
 G = Mean time per level.
                   A        B        C        D        E       F      G
               +--------+--------+--------+--------+--------+-----+--------+
         Total |   2203 |   2203 |      0 |      0 |      0 |   3 |  734.3 |
       Dungeon |   2203 |   2203 |      0 |      0 |      0 |   3 |  734.3 |
               +--------+--------+--------+--------+--------+-----+--------+

Top non-repeatable levels by time:
     D:1: 1356 daAuts
     D:2: 771 daAuts
     D:4: 75 daAuts
